| TOP OF THE 1ST |
|
Great Falls Voyagers batting - Pitching for Boston (APP) Red Sox : RHP Jim Horwood
|
|
Pitching: RHP Jim Horwood
|
|
|
Batting: RHB Andy Cotton
|
0-0: Ball 1-0: Ball 2-0: Foul Ball, location: 2F 2-1: Foul Ball, location: 2F 2-2: Foul Ball, location: 2F 2-2: Foul Ball, location: 2F 2-2: Ball 3-2: SOLO HOME RUN (Flyball, 9D, EV 92.5 MPH), Distance : 359 ft
|
|
Batting: RHB Enrique Gomez
|
0-0: Ball 1-0: Ball 2-0: Ground out 4-3 (Groundball, 4M, EV 102.5 MPH)
|
|
Batting: RHB Russ Cornett
|
0-0: Called Strike 0-1: Foul Ball, location: 2F 0-2: Ball 1-2: Ball 2-2: Ground out 6-3 (Groundball, 6, EV 106.2 MPH)
|
|
Batting: RHB Billy Grubbs
|
0-0: Swinging Strike 0-1: Swinging Strike 0-2: Ball 1-2: Ball 2-2: SINGLE (Groundball, 6MD, EV 101.9 MPH)
|
|
Batting: RHB Mitch Cuadros
|
0-0: Called Strike Billy Grubbs steals 2nd base 0-1: Ball 1-1: Ball 2-1: Ball 3-1: Foul Ball, location: 2F 3-2: SINGLE (Groundball, 6D, EV 103.8 MPH) Billy Grubbs to third
|
|
Batting: RHB Jake Feinstein
|
0-0: Ball 1-0: Ball 2-0: Called Strike 2-1: Ball 3-1: Base on Balls Mitch Cuadros to second
|
|
Batting: RHB Brad Adams Jr.
|
0-0: Swinging Strike 0-1: Fly out, F8 (Flyball, 8RD, EV 101.9 MPH)
|
| Top of the 1st over - 1 run, 3 hits, 0 errors, 3 left on base; Great Falls 1 - Boston (APP) 0 |
| BOTTOM OF THE 1ST |
|
Boston (APP) Red Sox batting - Pitching for Great Falls Voyagers : RHP Mark Fedor
|
|
Pitching: RHP Mark Fedor
|
|
|
Batting: RHB Kirk Cully
|
0-0: DOUBLE (Line Drive, 89D, EV 107.5 MPH)
|
|
Batting: RHB Bob Reichley
|
0-0: SINGLE (Line Drive, 7S, EV 89.4 MPH) Kirk Cully to third
|
|
Batting: LHB Kenny Jackson
|
0-0: Ball 1-0: Ball 2-0: Ball 3-0: Base on Balls Bob Reichley to second
|
|
Batting: RHB Felix Rangel
|
0-0: DOUBLE (Line Drive, 3D, EV 97.5 MPH) Kirk Cully scores Bob Reichley scores Kenny Jackson to third
|
|
Batting: RHB Eric Kent
|
0-0: Ball 1-0: Called Strike 1-1: Ball 2-1: Ground out 6-3 (Groundball, 6, EV 103.1 MPH) Kenny Jackson scores
|
|
Batting: SHB Arihito Hiramoto
|
0-0: Called Strike 0-1: Foul Ball, location: 2F 0-2: Ball 1-2: Ball 2-2: Strikes out swinging
|
|
Batting: RHB Wayne Whimster
|
0-0: Foul Ball, location: 2F 0-1: Ball 1-1: SINGLE (Line Drive, 6D, EV 96.2 MPH) Felix Rangel to third Runner from 3rd tries for Home, SAFE, throw by CF to home
|
|
Batting: RHB Estevan Carrillo
|
0-0: Ball Wayne Whimster steals 2nd base 1-0: Ball 2-0: Fly out, F7 (Flyball, 7, EV 94.4 MPH)
|
| Bottom of the 1st over - 4 runs, 4 hits, 0 errors, 1 left on base; Great Falls 1 - Boston (APP) 4 |
| TOP OF THE 2ND |
|
Great Falls Voyagers batting - Pitching for Boston (APP) Red Sox : RHP Jim Horwood
|
|
Batting: RHB David Cortez
|
0-0: Ball 1-0: Called Strike 1-1: Ball 2-1: Foul Ball, location: 2F 2-2: Strikes out swinging
|
|
Batting: RHB Dave Dominguez
|
0-0: Fly out, F9 (Flyball, 9, EV 95.0 MPH)
|
|
Batting: RHB Andy Cotton
|
0-0: Ball 1-0: Called Strike 1-1: Ball 2-1: Foul Ball, location: 2F 2-2: Ground out 6-3 (Groundball, 6, EV 85.6 MPH)
|
| Top of the 2nd over - 0 runs, 0 hits, 0 errors, 0 left on base; Great Falls 1 - Boston (APP) 4 |
| BOTTOM OF THE 2ND |
|
Boston (APP) Red Sox batting - Pitching for Great Falls Voyagers : RHP Mark Fedor
|
|
Batting: RHB Luis Nino
|
0-0: Fly out, F8 (Flyball, 8RD, EV 101.2 MPH)
|
|
Batting: RHB Kirk Cully
|
0-0: Ball 1-0: Swinging Strike 1-1: SINGLE (Groundball, 15S, EV 70.6 MPH) (infield hit)
|
|
Batting: RHB Bob Reichley
|
0-0: Called Strike Kirk Cully steals 2nd base (no throw) 0-1: Ground out 6-3 (Groundball, 6, EV 88.8 MPH)
|
|
Batting: LHB Kenny Jackson
|
0-0: Ground out 2-3 (Groundball, 15S, EV 68.8 MPH)
|
| Bottom of the 2nd over - 0 runs, 1 hit, 0 errors, 1 left on base; Great Falls 1 - Boston (APP) 4 |
| TOP OF THE 3RD |
|
Great Falls Voyagers batting - Pitching for Boston (APP) Red Sox : RHP Jim Horwood
|
|
Batting: RHB Enrique Gomez
|
0-0: Ball 1-0: Ball 2-0: Called Strike 2-1: Fly out, F8 (Line Drive, 78M, EV 89.4 MPH)
|
|
Batting: RHB Russ Cornett
|
0-0: Ball 1-0: Ball 2-0: Foul Ball, location: 2F 2-1: Ball 3-1: Base on Balls
|
|
Batting: RHB Billy Grubbs
|
0-0: Called Strike Russ Cornett steals 2nd base 0-1: Called Strike 0-2: Foul Ball, location: 2F 0-2: Ball 1-2: Ball 2-2: SINGLE (Line Drive, 9LS, EV 105.6 MPH) Russ Cornett to third
|
|
Batting: RHB Mitch Cuadros
|
0-0: Foul Ball, location: 2F 0-1: Ball 1-1: Swinging Strike 1-2: Foul Ball, location: 2F 1-2: Fly out, F7 (Flyball, 78M, EV 93.1 MPH)
|
|
Batting: RHB Jake Feinstein
|
0-0: Ball 1-0: SINGLE (Groundball, 6MD, EV 98.8 MPH) Russ Cornett scores Billy Grubbs to second Runner from 2nd tries for 3rd, SAFE, throw by CF made to third
|
|
Batting: RHB Brad Adams Jr.
|
0-0: Ball Wild Pitch! Billy Grubbs scores Jake Feinstein to second 1-0: Ground out 6-3 (Groundball, 6, EV 96.2 MPH)
|
| Top of the 3rd over - 2 runs, 2 hits, 0 errors, 1 left on base; Great Falls 3 - Boston (APP) 4 |
| BOTTOM OF THE 3RD |
|
Boston (APP) Red Sox batting - Pitching for Great Falls Voyagers : RHP Mark Fedor
|
|
Batting: RHB Felix Rangel
|
0-0: Ball 1-0: Called Strike 1-1: Swinging Strike 1-2: Ball 2-2: Strikes out swinging passed ball, reaches first!
|
|
Batting: RHB Eric Kent
|
0-0: Called Strike 0-1: Ball 1-1: Fly out, F7 (Flyball, 78D, EV 83.1 MPH)
|
|
Batting: SHB Arihito Hiramoto
|
0-0: Ball 1-0: Ball 2-0: Called Strike 2-1: Fielders Choice at 2nd, 2-6 (Groundball, 2R, EV 70.6 MPH)
|
|
Batting: RHB Wayne Whimster
|
0-0: Ball 1-0: Swinging Strike 1-1: Swinging Strike 1-2: Ball 2-2: Ball 3-2: Ground out 5-3 (Groundball, 56S, EV 79.4 MPH)
|
| Bottom of the 3rd over - 0 runs, 0 hits, 0 errors, 1 left on base; Great Falls 3 - Boston (APP) 4 |
| TOP OF THE 4TH |
|
Great Falls Voyagers batting - Pitching for Boston (APP) Red Sox : RHP Jim Horwood
|
|
Batting: RHB David Cortez
|
0-0: Ball 1-0: Foul Ball, location: 2F 1-1: Ball 2-1: Foul Ball, location: 2F 2-2: Fly out, F7 (Flyball, 7, EV 84.4 MPH)
|
|
Batting: RHB Dave Dominguez
|
0-0: Called Strike 0-1: Foul Ball, location: 2F 0-2: Foul Ball, location: 2F 0-2: Strikes out looking
|
|
Batting: RHB Andy Cotton
|
0-0: Ball 1-0: Foul Ball, location: 2F 1-1: Foul Ball, location: 2F 1-2: Ball 2-2: Foul Ball, location: 2F 2-2: Foul Ball, location: 2F 2-2: Ball 3-2: TRIPLE (Line Drive, 7D, EV 104.4 MPH)
|
|
Pitching: RHP Zinedine Lahlafi
|
|
|
Batting: RHB Enrique Gomez
|
0-0: Foul Ball, location: 2F 0-1: Foul Ball, location: 2F 0-2: Strikes out swinging
|
| Top of the 4th over - 0 runs, 1 hit, 0 errors, 1 left on base; Great Falls 3 - Boston (APP) 4 |
| BOTTOM OF THE 4TH |
|
Boston (APP) Red Sox batting - Pitching for Great Falls Voyagers : RHP Mark Fedor
|
|
Batting: RHB Estevan Carrillo
|
0-0: Ball 1-0: SINGLE (Groundball, 5S, EV 65.6 MPH) (infield hit)
|
|
Batting: RHB Luis Nino
|
0-0: Ball 1-0: SINGLE (Line Drive, 7LS, EV 92.5 MPH) Estevan Carrillo to second
|
|
Batting: RHB Kirk Cully
|
0-0: Called Strike 0-1: Called Strike 0-2: Strikes out looking
|
|
Batting: RHB Bob Reichley
|
0-0: Ball 1-0: Called Strike 1-1: Called Strike 1-2: Ball 2-2: Strikes out swinging
|
|
Batting: LHB Kenny Jackson
|
0-0: Called Strike 0-1: Foul Ball, location: 2F 0-2: Fielders Choice at 2nd, 6-4 (Groundball, 6, EV 81.2 MPH)
|
| Bottom of the 4th over - 0 runs, 2 hits, 0 errors, 2 left on base; Great Falls 3 - Boston (APP) 4 |
| TOP OF THE 5TH |
|
Great Falls Voyagers batting - Pitching for Boston (APP) Red Sox : RHP Zinedine Lahlafi
|
|
Batting: RHB Russ Cornett
|
0-0: Ball 1-0: Ball 2-0: Foul Ball, location: 2F 2-1: Ground out 2-3 (Groundball, 13S, EV 63.8 MPH)
|
|
Batting: RHB Billy Grubbs
|
0-0: Swinging Strike 0-1: Ball 1-1: Ball 2-1: Ground out 5-3 (Groundball, 5, EV 79.4 MPH)
|
|
Batting: RHB Mitch Cuadros
|
0-0: Foul Ball, location: 2F 0-1: Ground out 4-3 (Groundball, 4, EV 97.5 MPH)
|
| Top of the 5th over - 0 runs, 0 hits, 0 errors, 0 left on base; Great Falls 3 - Boston (APP) 4 |
| BOTTOM OF THE 5TH |
|
Boston (APP) Red Sox batting - Pitching for Great Falls Voyagers : RHP Mark Fedor
|
|
Batting: RHB Felix Rangel
|
0-0: Ball 1-0: Foul Ball, location: 2F 1-1: Foul Ball, location: 2F 1-2: Ball 2-2: Foul Ball, location: 2F 2-2: Strikes out looking
|
|
Batting: RHB Eric Kent
|
0-0: Ball 1-0: Ball 2-0: Called Strike 2-1: Foul Ball, location: 2F 2-2: Strikes out swinging
|
|
Batting: SHB Arihito Hiramoto
|
0-0: Ball 1-0: Ground out U3 (Groundball, 34S, EV 85.0 MPH)
|
| Bottom of the 5th over - 0 runs, 0 hits, 0 errors, 0 left on base; Great Falls 3 - Boston (APP) 4 |
| TOP OF THE 6TH |
|
Great Falls Voyagers batting - Pitching for Boston (APP) Red Sox : RHP Zinedine Lahlafi
|
|
Batting: RHB Jake Feinstein
|
0-0: Called Strike 0-1: Ball 1-1: Ball 2-1: Ball 3-1: Ground out 1-3 (Groundball, P, EV 70.6 MPH)
|
|
Batting: RHB Brad Adams Jr.
|
0-0: Called Strike 0-1: Ball 1-1: SINGLE (Line Drive, 8RS, EV 111.2 MPH)
|
|
Batting: RHB David Cortez
|
0-0: Ball 1-0: Swinging Strike 1-1: Called Strike 1-2: Ball 2-2: Strikes out looking
|
|
Batting: RHB Dave Dominguez
|
0-0: Foul Ball, location: 2F 0-1: Foul Ball, location: 2F 0-2: Strikes out swinging
|
| Top of the 6th over - 0 runs, 1 hit, 0 errors, 1 left on base; Great Falls 3 - Boston (APP) 4 |
| BOTTOM OF THE 6TH |
|
Boston (APP) Red Sox batting - Pitching for Great Falls Voyagers : RHP Mark Fedor
|
|
Batting: RHB Wayne Whimster
|
0-0: Called Strike 0-1: Ball 1-1: SINGLE (Groundball, 6MD, EV 101.2 MPH)
|
|
Batting: RHB Estevan Carrillo
|
0-0: Called Strike 0-1: Ball 1-1: Ball 2-1: Swinging Strike 2-2: Ball 3-2: Foul Ball, location: 2F 3-2: Base on Balls Wayne Whimster to second
|
|
Batting: RHB Luis Nino
|
0-0: Ball 1-0: Called Strike 1-1: Foul Ball, location: 2F 1-2: Grounds into double play, 6-4-3 (Groundball, 6, EV 81.9 MPH) Wayne Whimster to third
|
|
Batting: RHB Kirk Cully
|
0-0: Ball 1-0: Called Strike 1-1: Ball 2-1: Foul Ball, location: 2F 2-2: Fly out, F5 (Popup, 25F, EV 86.9 MPH)
|
| Bottom of the 6th over - 0 runs, 1 hit, 0 errors, 1 left on base; Great Falls 3 - Boston (APP) 4 |
| TOP OF THE 7TH |
|
Great Falls Voyagers batting - Pitching for Boston (APP) Red Sox : RHP Zinedine Lahlafi
|
|
Batting: RHB Andy Cotton
|
0-0: Called Strike 0-1: Swinging Strike 0-2: Ball 1-2: Ball 2-2: Ball 3-2: Foul Ball, location: 2F 3-2: Base on Balls
|
|
Batting: RHB Enrique Gomez
|
0-0: Fly out, F3 (Popup, 13S, EV 80.6 MPH)
|
|
Batting: RHB Russ Cornett
|
0-0: Ball Wild Pitch! Andy Cotton to second 1-0: Ball 2-0: Ball 3-0: Base on Balls
|
|
Batting: RHB Billy Grubbs
|
0-0: Ball 1-0: Ball 2-0: Called Strike 2-1: DOUBLE (Line Drive, 9LM, EV 112.5 MPH) Andy Cotton scores Russ Cornett to third
|
|
Batting: RHB Mitch Cuadros
|
0-0: Called Strike 0-1: Ball 1-1: Ball 2-1: Ball 3-1: Foul Ball, location: 2F 3-2: 3-RUN HOME RUN (Flyball, 8LXD, EV 110.0 MPH), Distance : 453 ft
|
|
Pitching: RHP Murilo Selo
|
|
|
Batting: RHB Jake Feinstein
|
0-0: Called Strike 0-1: Ball 1-1: Foul Ball, location: 2F 1-2: Foul Ball, location: 2F 1-2: Ball 2-2: Ball 3-2: Foul Ball, location: 2F 3-2: DOUBLE (Line Drive, 3D, EV 98.1 MPH)
|
|
Batting: RHB Brad Adams Jr.
|
0-0: Called Strike 0-1: Ground out 4-3 (Groundball, 4S, EV 83.1 MPH) Jake Feinstein to third
|
|
Batting: RHB David Cortez
|
0-0: Called Strike 0-1: Ball 1-1: Ball 2-1: Ball 3-1: Base on Balls
|
|
Batting: RHB Dave Dominguez
|
0-0: TRIPLE (Flyball, 8LXD, EV 94.4 MPH) Jake Feinstein scores David Cortez scores
|
|
Batting: RHB Andy Cotton
|
0-0: Ball 1-0: Ball 2-0: Ball 3-0: Called Strike 3-1: Base on Balls
|
|
Batting: RHB Enrique Gomez
|
0-0: Ball 1-0: Ball 2-0: SINGLE (Groundball, 34, EV 83.8 MPH) (infield hit) Dave Dominguez scores Andy Cotton to second
|
|
Pitching: RHP Randy Williams
|
|
|
Batting: RHB Russ Cornett
|
0-0: Ball 1-0: Foul Ball, location: 2F 1-1: Swinging Strike 1-2: Foul Ball, location: 2F 1-2: Ball 2-2: Ball 3-2: Foul Ball, location: 2F 3-2: Foul Ball, location: 2F 3-2: Foul Ball, location: 2F 3-2: 3-RUN HOME RUN (Flyball, 78XD, EV 106.9 MPH), Distance : 412 ft
|
|
Batting: RHB Billy Grubbs
|
0-0: Foul Ball, location: 2F 0-1: Called Strike 0-2: Ball 1-2: Ball 2-2: Foul Ball, location: 2F 2-2: Fly out, F8 (Flyball, 8RD, EV 98.1 MPH)
|
| Top of the 7th over - 10 runs, 6 hits, 0 errors, 0 left on base; Great Falls 13 - Boston (APP) 4 |
| BOTTOM OF THE 7TH |
|
Boston (APP) Red Sox batting - Pitching for Great Falls Voyagers : RHP Mark Fedor
|
|
Pitching: LHP Craig Courcha
|
|
|
Batting: RHB Bob Reichley
|
0-0: Called Strike 0-1: Swinging Strike 0-2: Ball 1-2: Hit by Pitch
|
|
Pinch Hitting: RHB Eric McClelland
|
0-0: Swinging Strike 0-1: Foul Ball, location: 2F 0-2: Ball 1-2: Fielders Choice at 2nd, 1-6 (Groundball, 13S, EV 71.9 MPH)
|
|
Batting: RHB Felix Rangel
|
0-0: Ball 1-0: 2-RUN HOME RUN (Flyball, 7D, EV 106.9 MPH), Distance : 410 ft
|
|
Batting: RHB Eric Kent
|
0-0: Reached on error, E6 (Groundball, 4MS, EV 91.9 MPH)
|
|
Batting: SHB Arihito Hiramoto
|
0-0: Ball 1-0: Grounds into double play, 6-4-3 (Groundball, 6, EV 78.8 MPH)
|
| Bottom of the 7th over - 2 runs, 1 hit, 1 error, 0 left on base; Great Falls 13 - Boston (APP) 6 |
| TOP OF THE 8TH |
|
Great Falls Voyagers batting - Pitching for Boston (APP) Red Sox : RHP Randy Williams
|
|
Now at SS: Joe Lewis
|
|
|
Batting: RHB Mitch Cuadros
|
0-0: Ball 1-0: Ball 2-0: Ball 3-0: Called Strike 3-1: Base on Balls
|
|
Batting: RHB Jake Feinstein
|
0-0: Called Strike 0-1: Foul Ball, location: 2F 0-2: Ball 1-2: Fielders Choice at 2nd, 5-4 (Groundball, 56, EV 101.2 MPH)
|
|
Batting: RHB Brad Adams Jr.
|
0-0: Ball 1-0: DOUBLE (Flyball, 89D, EV 106.9 MPH) Jake Feinstein to third
|
|
Batting: RHB David Cortez
|
0-0: Ball 1-0: Ground out 4-3 (Groundball, 4, EV 111.2 MPH) Jake Feinstein scores Brad Adams Jr. to third
|
|
Batting: RHB Dave Dominguez
|
0-0: Foul Ball, location: 2F 0-1: Ball 1-1: Called Strike 1-2: Foul Ball, location: 2F 1-2: Ball 2-2: Strikes out swinging
|
| Top of the 8th over - 1 run, 1 hit, 0 errors, 1 left on base; Great Falls 14 - Boston (APP) 6 |
| BOTTOM OF THE 8TH |
|
Boston (APP) Red Sox batting - Pitching for Great Falls Voyagers : LHP Craig Courcha
|
|
Batting: RHB Wayne Whimster
|
0-0: Called Strike 0-1: Foul Ball, location: 2F 0-2: Strikes out looking
|
|
Batting: RHB Estevan Carrillo
|
0-0: Ball 1-0: Ball 2-0: Foul Ball, location: 2F 2-1: Called Strike 2-2: Strikes out swinging
|
|
Batting: RHB Luis Nino
|
0-0: Ball 1-0: Ball 2-0: Ground out 6-3 (Groundball, 6, EV 99.4 MPH)
|
| Bottom of the 8th over - 0 runs, 0 hits, 0 errors, 0 left on base; Great Falls 14 - Boston (APP) 6 |
| TOP OF THE 9TH |
|
Great Falls Voyagers batting - Pitching for Boston (APP) Red Sox : RHP Randy Williams
|
|
Pitching: RHP Jose Duran
|
|
|
Batting: RHB Andy Cotton
|
0-0: Ball 1-0: SOLO HOME RUN (Flyball, 7D, EV 101.9 MPH), Distance : 400 ft
|
|
Batting: RHB Enrique Gomez
|
0-0: Fly out, F8 (Line Drive, 8RM, EV 94.4 MPH)
|
|
Batting: RHB Russ Cornett
|
0-0: Called Strike 0-1: Ball 1-1: Ground out 5-3 (Groundball, 56, EV 100.6 MPH)
|
|
Batting: RHB Billy Grubbs
|
0-0: Ball 1-0: Called Strike 1-1: Ball 2-1: Ball 3-1: Base on Balls
|
|
Batting: RHB Mitch Cuadros
|
0-0: Called Strike 0-1: Foul Ball, location: 2F 0-2: Strikes out looking
|
| Top of the 9th over - 1 run, 1 hit, 0 errors, 1 left on base; Great Falls 15 - Boston (APP) 6 |
| BOTTOM OF THE 9TH |
|
Boston (APP) Red Sox batting - Pitching for Great Falls Voyagers : LHP Craig Courcha
|
|
Batting: RHB Kirk Cully
|
0-0: Called Strike 0-1: Ball 1-1: Called Strike 1-2: Strikes out swinging
|
|
Pinch Hitting: RHB Ryan Davis
|
0-0: Ball 1-0: Ball 2-0: Ball 3-0: Base on Balls
|
|
Pinch Hitting: RHB Panam Palmer
|
0-0: Ball 1-0: Ball 2-0: Ball 3-0: Called Strike 3-1: Foul Ball, location: 2F 3-2: Foul Ball, location: 2F 3-2: Base on Balls Ryan Davis to second
|
|
Batting: RHB Felix Rangel
|
0-0: Ball 1-0: Called Strike 1-1: Ball Wild Pitch! Ryan Davis to third Panam Palmer to second 2-1: Ground out 6-3 (Groundball, 6, EV 83.8 MPH) Ryan Davis scores
|
|
Batting: RHB Eric Kent
|
0-0: Foul Ball, location: 2F 0-1: Fly out, F8 (Flyball, 78M, EV 94.4 MPH)
|
| Bottom of the 9th over - 1 run, 0 hits, 0 errors, 1 left on base; Great Falls 15 - Boston (APP) 7 |
|